 Dungeon Crawl Stone Soup version 0.31-a0-369-g8eba5f6939 (webtiles) character file.

Game seed: 3679309297023179465

602 Dordric the Fighter (level 7, -1/120 HPs)
             Began as an Ogre Berserker on July 28, 2023.
             Was a Believer of Trog.
             Succumbed to a water moccasin's poison
             ... on level 6 of the Dungeon.
             The game lasted 00:05:54 (4451 turns).

Dordric the Fighter (Ogre Berserker)                Turns: 4451, Time: 00:05:54

Health: -1/120     AC:  3    Str: 22    XL:     7   Next: 41%
Magic:  7/7        EV: 10    Int:  8    God:    Trog [**....]
Gold:   140        SH:  0    Dex: 10    Spells: 6/6 levels left

rFire   . . .        u - +0 morningstar
rCold   + + .        (no shield)
rNeg    . . .        b - +0 animal skin
rPois   .            (helmet restricted)
rElec   .            (no cloak)
rCorr   .            (gloves unavailable)
SInv    .            (boots unavailable)
Will    .....        (no amulet) Stlth
                     m - ring of protection from cold
HPRegen 0.40/turn    t - ring of protection from cold
MPRegen 0.10/turn

%: no passive effects
@: berserking (expiring), lethally poisoned (-1 -> -14), very quick
A: large, unfitting armour, tough skin 1
a: Renounce Religion, Berserk, Trog's Hand


You were on level 6 of the Dungeon.
You worshipped Trog.
Trog was pleased with you.
You visited 1 branch of the dungeon, and saw 6 of its levels.

You collected 196 gold pieces.
You spent 56 gold pieces at shops.

Inventory:

Hand Weapons
 a - a +0 mace
 c - a +2 dagger of speed
 f - a +1 short sword of speed
 u - a +0 morningstar (weapon)
Missiles
 A - 2 throwing nets
Armour
 b - a +0 animal skin (worn)
Jewellery
 m - a ring of protection from cold (left hand)
 t - a ring of protection from cold (right hand)
 v - a ring of positive energy
 z - a ring of magical power
Wands
 w - a wand of light (17)
 E - a wand of flame (5)
Scrolls
 h - 5 scrolls of identify {unknown}
 i - 3 scrolls of enchant armour {unknown}
 k - a scroll of immolation {unknown}
 l - 4 scrolls of teleportation {unknown}
 q - a scroll of poison {unknown}
 r - a scroll of vulnerability {unknown}
 s - a scroll of revelation {unknown}
 y - a scroll of fear {unknown}
 D - a scroll of silence {unknown}
Potions
 d - 3 potions of mutation (quivered) {unknown}
 e - 2 potions of attraction {unknown}
 g - a potion of degeneration {unknown}
 j - 3 potions of haste {unknown}
 n - a potion of resistance {unknown}
 o - 4 potions of curing {unknown}
 p - a potion of might {unknown}
 x - a potion of enlightenment {unknown}
 B - a potion of berserk rage {unknown}
 C - a potion of ambrosia {unknown}


   Skills:
 + Level 8.2 Fighting
 + Level 5.6 Maces & Flails
 - Level 2.6 Dodging


You had 6 spell levels left.
You didn't know any spells.
Your spell library was empty.

Dungeon Overview and Level Annotations

Branches:
Dungeon (6/15)             Temple (0/1) D:4

Altars:

Shops:
D:1 :![*   D:3 !   D:4 (!*(


Innate Abilities, Weirdness & Mutations

You are too large for most types of armour.
You have tough skin. (AC +1)


Message History

The water moccasin is heavily wounded.
* * * LOW HITPOINT WARNING * * *
You feel very sick.
The water moccasin bites you but does no damage.
You barely miss the water moccasin.
The water moccasin is heavily wounded.
* * * LOW HITPOINT WARNING * * *
You feel very sick.
The water moccasin bites you but does no damage.
You sock the water moccasin!
The water moccasin is almost dead.
* * * LOW HITPOINT WARNING * * *
You feel very sick. The water moccasin barely misses you.
The water moccasin bites you but does no damage.
You miss the water moccasin.
The water moccasin is almost dead.
* * * LOW HITPOINT WARNING * * *
You feel sick. The water moccasin barely misses you.
You miss the water moccasin.
The water moccasin is almost dead.
* * * LOW HITPOINT WARNING * * *
You feel very sick. The water moccasin bites you.
* * * LOW HITPOINT WARNING * * *
You are more poisoned.
The water moccasin poisons you!
You closely miss the water moccasin.
The water moccasin is almost dead.
* * * LOW HITPOINT WARNING * * *
You feel very sick. The water moccasin closely misses you.
You bludgeon the water moccasin!!
You kill the water moccasin!
Trog accepts your kill.
* * * LOW HITPOINT WARNING * * *
You feel very sick.
Your Fighting skill increases to level 8!
There is a lethal amount of poison in your body!
You die...

#.. #.#
#.# #<#
#.######
##
#......#
..
#.####.#
#.#####.#
#.†.@...#
#########


There were no monsters in sight!

Vanquished Creatures
  A water moccasin (D:6)
  A phantom (D:5)
  A scorpion (D:5)
  3 hounds (D:4)
  An iguana (D:5)
  Natasha (thrice) (D:2)
  2 adders
  6 gnolls (D:5)
  4 worms (D:5)
  3 dart slugs
  8 orcs
  6 bats
  6 endoplasms
  3 giant cockroaches
  2 goblins
  5 hobgoblins
  7 jackals
  3 quokkas
  3 ball pythons
  5 frilled lizards
  10 kobolds
  3 rats
86 creatures vanquished.

Notes
Turn   | Place    | Note
-------+----------+-------------------------------------------
     0 | D:1      | Dordric the Ogre Berserker began the quest for the Orb.
     0 | D:1      | Reached XP level 1. HP: 24/24 MP: 1/1
    37 | D:1      | Found Cyill's Antique Armour Emporium.
    85 | D:1      | Reached XP level 2. HP: 27/33 MP: 2/2
   143 | D:1      | Found Talualonna's Distillery.
   360 | D:1      | Found Zaorghan's Book Emporium.
   527 | D:1      | Reached XP level 3. HP: 36/41 MP: 3/3
   610 | D:1      | Found a faded altar of an unknown god.
   707 | D:1      | Found Anio's Assorted Antiques.
   779 | D:2      | Reached ** piety under Trog
   780 | D:2      | Reached skill level 5 in Fighting
   898 | D:2      | Noticed Natasha
   910 | D:2      | Killed Natasha
   911 | D:2      | Reached XP level 4. HP: 29/50 MP: 4/4
   974 | D:2      | Noticed Natasha
   983 | D:2      | Killed Natasha
  1198 | D:2      | Noticed Natasha
  1206 | D:2      | Killed Natasha
  1207 | D:2      | Reached XP level 5. HP: 48/59 MP: 5/5
  1540 | D:3      | Reached skill level 6 in Fighting
  1986 | D:3      | Found Yhixuff's Distillery.
  2335 | D:4      | Found a staircase to the Ecumenical Temple.
  2715 | D:4      | Reached XP level 6. HP: 46/68 MP: 6/6
  2895 | D:4      | Found Ranlezamu's Antique Weapon Shop.
  2895 | D:4      | Found Watiefaf's Distillery.
  2899 | D:4      | Found Neas's General Store.
  2899 | D:4      | Found Yziown's Weapon Shoppe.
  2932 | D:4      | Bought a +0 morningstar for 56 gold pieces
  3135 | D:5      | Entered Level 5 of the Dungeon
  3407 | D:5      | Reached skill level 7 in Fighting
  3410 | D:5      | Reached *** piety under Trog
  3781 | D:5      | Reached skill level 5 in Maces & Flails
  4395 | D:5      | Reached XP level 7. HP: 78/79 MP: 7/7
  4449 | D:6      | HP: 4/118 [poisoned by a water moccasin]
  4451 | D:6      | Reached skill level 8 in Fighting
  4451 | D:6      | Succumbed to a water moccasin's poison

Illustrated notes

Levels and vault maps discovered:
D:1:      pf_arrival_petrified_forest, layout_rooms,
          hellmonk_ecumenical_altar_crossroads, serial_shops,
          nicolae_shop_behind_doors, shop_statue, nicolae_book_shop_shelving,
          nicolae_shop_crystal
D:2:      layout_loops_ring, uniq_natasha
D:3:      layout_basic, serial_shops, shop, amcnicky_mini_pool_small,
          minmay_misc_feat_iff, nicolae_elevator_lobby_asterisk
D:4:      layout_loops_ring, minmay_temple_entry_sparse_star,
          grunt_ministairs_10, nicolae_wooded_promenade
D:5:      layout_basic, nicolae_wormholes
D:6:      layout_loops_ring, serial_shops, shop, grunt_decor_arrowhead,
          feat_on_display, uniq_duvessa, uniq_pikel

Skill      XL: |  1  2  3  4  5  6  7 |
---------------+----------------------+-----
Maces & Flails | 3 4 5 |  5.6
Fighting       | 5 6 7 8 |  8.2
Dodging        | |  2.6

Action                     |  1- 3 |  4- 6 |  7- 9 || total
---------------------------+-------+-------+-------++-------
  Melee: Mace              |    60 |   116 |       ||   176
         Dagger            |    32 |       |       ||    32
         Punch             |     1 |     1 |       ||     2
         Morningstar       |       |    58 |    20 ||    78
 Invoke: Berserk           |     2 |     1 |     1 ||     4
         Trog's Hand       |       |     1 |       ||     1
 Armour: Animal skin       |    27 |    48 |     8 ||    83
  Dodge: Dodged            |    62 |    97 |    11 ||   170

Table legend: (Time is in decaauts)
 A = Elapsed time spent in this place.
 B = Non-inter-level travel time spent in this place.
 C = Inter-level travel time spent in this place.
 D = Time resting spent in this place.
 E = Time spent auto-exploring this place.
 F = Levels seen in this place.
 G = Mean time per level.
                   A        B        C        D        E       F      G
               +--------+--------+--------+--------+--------+-----+--------+
         Total |   4517 |   4428 |     89 |    364 |   3354 |   6 |  752.8 |
       Dungeon |   4517 |   4428 |     89 |    364 |   3354 |   6 |  752.8 |
               +--------+--------+--------+--------+--------+-----+--------+

Top non-repeatable levels by time:
     D:5: 1306 daAuts
     D:4: 841 daAuts
     D:2: 800 daAuts
     D:3: 776 daAuts
     D:1: 759 daAuts
     D:6: 33 daAuts
